 Dungeon Crawl Stone Soup version 0.29-a0-284-gf9362112df (webtiles) character file.

Game seed: 7829037226734375623

515 horus123 the Covert (level 7, -6/32 HPs)
             Began as a Spriggan Conjurer on Mar 27, 2022.
             Mangled by Duvessa
             ... wielding a +0 rapier
              (13 damage)
             ... on level 4 of the Dungeon.
             The game lasted 00:09:26 (5675 turns).

horus123 the Covert (Spriggan Conjurer)             Turns: 5675, Time: 00:09:26

Health: -6/32      AC:  4    Str:  3    XL:     7   Next: 0%
Magic:  15/15      EV: 21    Int: 26    God:
Gold:   186        SH:  0    Dex: 14    Spells: 9/16 levels left

rFire   . . .      SeeInvis +   q - +7 whip "Ojual" {vamp, rElec rCorr Int+5}
rCold   . . .      Faith    .   (no shield)
rNeg    . . .      Spirit   .   a - +2 robe
rPois   .          Reflect  .   (helmet restricted)
rElec   +          Harm     .   (no cloak)
rCorr   +          Rampage  .   (gloves unavailable)
Will    +....                   (boots unavailable)
Stlth   ++++......              v - amulet of regeneration
HPRegen 0.90/turn               j - +4 ring of slaying
MPRegen 0.14/turn               l - +4 ring of evasion

@: very quick
A: very small, no large weapons, unfitting armour, see invisible, speed 3
a: no special abilities


You were on level 4 of the Dungeon.
You visited 1 branch of the dungeon, and saw 6 of its levels.

You collected 186 gold pieces.

Inventory:

Hand Weapons
 c - a +0 dagger
 q - the +7 whip "Ojual" (weapon) {vamp, rElec rCorr Int+5}
   (You found it on level 3 of the Dungeon)

   It occasionally heals its wielder for a portion of the damage dealt when it
   wounds a living foe.
   Int:       It affects your intelligence (+5).
   rElec:     It insulates you from electricity.
   rCorr:     It protects you from acid and corrosion.
 x - a +2 dagger of protection
Missiles
 w - 2 throwing nets
Armour
 a - a +2 robe (worn)
Jewellery
 j - a +4 ring of slaying (left hand)
 l - a +4 ring of evasion (right hand)
 v - an amulet of regeneration (around neck)
Wands
 r - a wand of iceblast (11)
Scrolls
 f - 2 scrolls of teleportation
 g - a scroll of amnesia
 i - a scroll of vulnerability
 n - a scroll of fog
Potions
 b - a potion of magic
 d - a potion of ambrosia {unknown}
 e - a potion of attraction {unknown}
 h - 2 potions of flight {unknown}
 k - 2 potions of mutation
 m - a potion of brilliance {unknown}
 o - a potion of resistance {unknown}
 p - a potion of might {unknown}
 s - a potion of curing {unknown}
 t - a potion of heal wounds {unknown}
 u - 2 potions of degeneration {unknown}


   Skills:
 - Level 2.6 Dodging
 - Level 10.2 Stealth
 - Level 5.1 Spellcasting
 - Level 2.9 Conjurations
 + Level 1.3 Hexes


You had 9 spell levels left.
You knew the following spells:

 Your Spells              Type           Power      Damage    Failure   Level
a - Magic Dart            Conj           88%        1d7       2%          1
b - Searing Ray           Conj           44%        2d6       3%          2
c - Fulminant Prism       Conj/Hex       8%         3d7       30%         4

Your spell library contained the following spells:

 Spells                   Type           Power      Damage    Failure   Level
 Dazzling Flash           Conj/Hex       34%        N/A       10%         3
 Blink                    Tloc           12%        N/A       12%         2
 Call Imp                 Summ           6%         N/A       12%         2
 Corpse Rot               Necr/Air       12%        N/A       12%         2
 Poisonous Vapours        Pois/Air       12%        N/A       12%         2
 Mephitic Cloud           Conj/Pois/Air  11%        N/A       16%         3
 Iskenderun's Mystic Bla  Conj/Tloc      14%        2d5       38%         4
 Manifold Assault         Tloc           6%         N/A       91%         5
 Storm Form               Tmut/Air       3%         N/A       100%        7


Dungeon Overview and Level Annotations

Branches:
Dungeon (6/15)
 Temple: D:4-7

Altars:
Nemelex Xobeh
Ru
Wu Jian

Annotations:
D:4 Duvessa
D:5 Edmund


Innate Abilities, Weirdness & Mutations

You are very small and have problems with some larger weapons.
You are too small for most types of armour.
You have supernaturally acute eyesight. (SInv)
You cover ground extremely quickly. (Speed+++)


Message History

You whack Duvessa!
Duvessa is heavily wounded.
Duvessa hits you with a +0 rapier! Duvessa barely misses you.
Dowan gestures wildly while chanting.
Dowan blinks!
Unknown command.
Duvessa hits you with a +0 rapier.
You hit Duvessa.
You feel better.
Duvessa is heavily wounded.
Duvessa barely misses you. Duvessa misses you.
You hit Duvessa.
You feel better.
Duvessa is heavily wounded.
Dowan hits you but does no damage. Duvessa hits you with a +0 rapier.
Dowan hits you but does no damage.
You hit Duvessa.
You feel better.
Duvessa is severely wounded.
Duvessa closely misses you. Duvessa completely misses you.
Dowan hits you with a +0 dagger.
You completely miss Dowan. Duvessa closely misses you. Dowan misses you.
Duvessa misses you.
You whack Dowan!
Dowan is severely wounded.
Duvessa completely misses you. Dowan hits you but does no damage.
You hit Duvessa.
Duvessa is almost dead.
Duvessa hits you with a +0 rapier. x2; Dowan closely misses you.
You hit Dowan.
You feel better.
Dowan is almost dead.
Duvessa completely misses you. Dowan casts a spell at you.
You resist with almost no effort. Duvessa hits you with a +0 rapier!
* * * LOW HITPOINT WARNING * * *
You hit Duvessa.
Duvessa is almost dead.
Duvessa closely misses you. Dowan closely misses you.
You whack Dowan!
You feel better.
You kill Dowan!
Duvessa weeps, and shakes her weapon.
Duvessa goes berserk!
Duvessa hits you with a +0 rapier!
You die...

..##.........##≈.≈g
..##.........#K≈.≈#
...#........###≈.≈g
...........#.#g≈.≈##
#...##...>...##≈.≈g
.........##..# ≈.≈
##..#....#.#####+#
####.....#.....#.#
...............e@#
...###.#.##.#...).#
....#..#....#.....#
....#....<[##......#
....###...####.....#
..### ##..# ####.##
.## #### ## ##


You could see Duvessa (berserk, fast).

Vanquished Creatures
  Eustachio (D:4)
  A black bear (D:4)
  A bullfrog (D:4)
  Dowan (D:4)
  10 gnolls
  4 adders
  3 worms
  2 dart slugs
  4 orcs
  9 endoplasms
  3 giant cockroaches
  6 goblins
  5 hobgoblins
  7 kobolds
  A bat (D:1)
  2 frilled lizards
  8 rats
68 creatures vanquished.

Notes
Turn   | Place    | Note
-------+----------+-------------------------------------------
     0 | D:1      | horus123 the Spriggan Conjurer began the quest for the Orb.
     0 | D:1      | Reached XP level 1. HP: 9/9 MP: 5/5
   671 | D:1      | Reached XP level 2. HP: 13/13 MP: 4/7
   674 | D:1      | Learned a level 2 spell: Searing Ray
  1739 | D:2      | Reached XP level 3. HP: 16/16 MP: 1/9
  2007 | D:2      | Reached skill level 5 in Spellcasting
  2383 | D:2      | Reached XP level 4. HP: 13/21 MP: 2/12
  2385 | D:2      | Reached skill level 4 in Stealth
  2936 | D:2      | Reached skill level 5 in Stealth
  3264 | D:2      | Reached XP level 5. HP: 24/24 MP: 8/13
  3434 | D:3      | Reached skill level 6 in Stealth
  3467 | D:3      | You fall into a shaft and drop 3 floors!
  3468 | D:6      | Found a sparkling altar of Nemelex Xobeh.
  3480 | D:6      | Found an ornate altar of the Wu Jian Council.
  3506 | D:6      | Noticed a centaur
  3509 | D:5      | Entered Level 5 of the Dungeon
  3513 | D:5      | Found a sacrificial altar of Ru.
  3526 | D:6      | Noticed Edmund
  3610 | D:4      | Reached skill level 7 in Stealth
  3711 | D:4      | Noticed a black bear
  3714 | D:4      | Noticed Duvessa
  3719 | D:4      | Noticed Dowan
  3720 | D:4      | Killed a black bear
  3721 | D:4      | Reached skill level 8 in Stealth
  3721 | D:4      | Reached XP level 6. HP: 28/28 MP: 3/14
  4283 | D:3      | Found a faded altar of an unknown god.
  4299 | D:3      | Identified the +7 whip "Ojual" {vamp, rElec rCorr Int+5}
  4825 | D:3      | Learned a level 4 spell: Fulminant Prism
  4855 | D:4      | Noticed Eustachio
  4868 | D:4      | Killed Eustachio
  4869 | D:4      | Reached skill level 10 in Stealth
  5025 | D:4      | Reached skill level 1 in Hexes
  5028 | D:4      | Reached XP level 7. HP: 26/32 MP: 2/15
  5675 | D:4      | Killed Dowan
  5675 | D:4      | Mangled by Duvessa

Illustrated notes

Levels and vault maps discovered:
D:1:      minmay_arrival_shattered_statue, layout_basic
D:2:      cheibrodos_helix_gallery, layout_loops_ring, minmay_split_cup_small
D:3:      layout_loops_ring, hellmonk_ecumenical_altar_pennies_from_heaven
D:4:      layout_cave_pools, okawaru_altar_gauntlet_db, hangedman_decor_push,
          uniq_duvessa, uniq_eustachio
D:5:      layout_loops_ring, cheibriados_altar_1,
          nicolae_overflow_hidden_temple, lemuel_doored_altar,
          mainiacjoe_overflow_six_doors_small, minmay_temple_entry_poolview,
          uniq_menkaure
D:6:      layout_rooms, amethyst_overflow_temple_binary, uniq_edmund

Skill      XL: |  1  2  3  4  5  6 |
---------------+-------------------+-----
Spellcasting   | 3 4 5 |  5.1
Stealth        | 5 8 10 | 10.2
Hexes          | 1 |  1.3
Dodging        | |  2.6
Conjurations   | |  2.9

Action                   |  1- 3 |  4- 6 |  7- 9 || total
-------------------------+-------+-------+-------++-------
Melee: Dagger            |     8 |     1 |       ||     9
       Whip              |       |     3 |    11 ||    14
 Cast: Magic Dart        |    77 |    60 |     6 ||   143
       Searing Ray       |     4 |    17 |     1 ||    22
  Use: Scroll            |       |    10 |       ||    10
 Stab: Distracted        |       |     1 |       ||     1
       Sleeping          |       |     1 |       ||     1
Armor: Robe              |     1 |     5 |     3 ||     9
Dodge: Dodged            |    11 |    55 |    19 ||    85

Table legend: (Time is in decaauts)
 A = Elapsed time spent in this place.
 B = Non-inter-level travel time spent in this place.
 C = Inter-level travel time spent in this place.
 D = Time resting spent in this place.
 E = Time spent auto-exploring this place.
 F = Levels seen in this place.
 G = Mean time per level.
                   A        B        C        D        E       F      G
               +--------+--------+--------+--------+--------+-----+--------+
         Total |   4676 |   4642 |     34 |   1915 |   2159 |   6 |  779.3 |
       Dungeon |   4676 |   4642 |     34 |   1915 |   2159 |   6 |  779.3 |
               +--------+--------+--------+--------+--------+-----+--------+

Top non-repeatable levels by time:
     D:2: 1549 daAuts
     D:3: 1245 daAuts
     D:1: 1216 daAuts
     D:4: 619 daAuts
     D:6: 31 daAuts
     D:5: 14 daAuts
